 Dungeon Crawl Stone Soup version 0.30-a0-12-gd8047c6341 (webtiles) character file.

Game seed: 16023933400086062939

12240 spaghetti the Grappler (level 11, 0/118 HPs)
             Began as a Tengu Berserker on Aug 23, 2022.
             Was an Elder of Trog.
             Slain by a reaper
             ... wielding a +1 scythe of freezing
              (11 damage)
             ... in an ice cave on Aug 24, 2022.
             The game lasted 00:16:23 (9389 turns).

spaghetti the Grappler (Tengu Berserker)            Turns: 9389, Time: 00:16:23

Health: 0/118      AC: 26    Str: 22    XL:     11   Next: 90%
Magic:  12/12      EV: 16    Int:  7    God:    Trog [****..]
Gold:   907        SH:  0    Dex: 12    Spells: 10/10 levels left

rFire   . . .      SeeInvis .      - Unarmed
rCold   . . .      Faith    .    (no shield)
rNeg    . . .      Spirit   .    g - +3 plate armour
rPois   +          Reflect  .    (helmet restricted)
rElec   .          Harm     .    c - +1 cloak {rPois}
rCorr   .          Rampage  .    (no gloves)
Will    .....                    (boots unavailable)
Stlth   ..........               k - amulet of regeneration {@e2}
HPRegen 1.09/turn                l - +4 ring of evasion
MPRegen 0.13/turn                t - +4 ring of protection

@: berserking, flying quickly and evasively, very quick
A: beak, talons 3, nimble flight, iridescent scales 1, clumsy 1, robust 1
a: Renounce Religion, Berserk, Trog's Hand, Brothers in Arms


You were in an ice cave.
You worshipped Trog.
Trog was greatly pleased with you.
You visited 3 branches of the dungeon, and saw 12 of its levels.
You also visited: Ice Cave.

You collected 907 gold pieces.


Innate Abilities, Weirdness & Mutations

You have a beak for a mouth.
You have claws for feet.
Your magical nature lets you fly swiftly and evasively.
You are partially covered in iridescent scales. (AC +2)
You are clumsy. (Dex -2)
You are robust. (+10% HP)


   Skills:
 + Level 9.9 Fighting
 + Level 10.5 Armour
 + Level 10.5 Dodging
 + Level 10.8 Unarmed Combat


You had 10 spell levels left.
You didn't know any spells.
Your spell library contained the following spells:

 Spells                   Type           Power      Damage    Failure   Level
 Apportation              Tloc           0%         N/A       99%         1
 Beastly Appendage        Tmut           0%         N/A       99%         1
 Foxfire                  Conj/Fire      0%         2x1d4     99%         1
 Necrotise                Necr           0%         1d4       99%         1
 Slow                     Hex            0%         N/A       99%         1
 Summon Small Mammal      Summ           0%         N/A       99%         1
 Ensorcelled Hibernation  Hex/Ice        0%         N/A       100%        2
 Passwall                 Tmut/Erth      0%         N/A       100%        2
 Wereblood                Tmut           0%         N/A       100%        2
 Confusing Touch          Hex            0%         N/A       100%        3
 Gell's Gravitas          Tloc           0%         N/A       100%        3
 Portal Projectile        Hex/Tloc       0%         N/A       100%        3
 Spider Form              Tmut/Pois      0%         N/A       100%        3
 Swiftness                Air            0%         N/A       100%        3
 Teleport Other           Tloc           0%         N/A       100%        3
 Tukima's Dance           Hex            0%         N/A       100%        3
 Vampiric Draining        Necr           0%         2d6       100%        3
 Corpse Rot               Necr/Pois/Air  0%         N/A       100%        4
 Dispel Undead            Necr           0%         3d6       100%        4
 Blade Hands              Tmut           0%         N/A       100%        5
 Death Channel            Necr           0%         N/A       100%        6
 Dispersal                Tloc           0%         N/A       100%        6

Inventory:

Hand Weapons
 x - the +3 long sword of Syimo {vorpal, Int+3, long}
   (You found it on level 6 of the Dungeon)

   It inflicts extra damage upon your enemies.
   Int:       It affects your intelligence (+3).
Missiles
 b - 12 boomerangs (quivered) {throwing}
 d - 96 stones {throwing}
 h - 2 javelins {throwing}
 B - 6 poisoned darts {throwing}
Armour
 a - a +0 animal skin
 c - a +1 cloak of poison resistance (worn)
   (You found it on level 1 of the Lair of Beasts)
 g - a +3 plate armour (worn)
   (You found it on level 2 of the Dungeon)
 E - a +0 cloak
   (You found it on level 9 of the Dungeon)
Jewellery
 k - an amulet of regeneration (around neck) {@e2}
   (You found it on level 7 of the Dungeon)
 l - a +4 ring of evasion (left hand)
   (You found it on level 3 of the Dungeon)
 o - a ring of protection from fire
   (You found it on level 3 of the Dungeon)
 t - a +4 ring of protection (right hand)
   (You found it on level 5 of the Dungeon)
 y - a +6 ring of strength
   (You found it on level 2 of the Lair of Beasts)
 z - a ring of resist corrosion
   (You found it on level 6 of the Dungeon)
 A - an amulet of the acrobat
   (You found it on level 6 of the Dungeon)
Wands
 n - a wand of flame (28)
   (You found it on level 3 of the Dungeon)
Scrolls
 f - 5 scrolls of identify {@r1}
 m - 3 scrolls of magic mapping {!r}
 s - 2 scrolls of amnesia
 v - 2 scrolls of poison {!r}
 F - a scroll of vulnerability {!r!r}
 G - a scroll of enchant weapon
Potions
 e - a potion of magic
 i - 7 potions of curing {@q1}
 j - 2 potions of degeneration {!q@e2}
 p - a potion of cancellation
 q - 3 potions of might
 r - 4 potions of brilliance
 u - a potion of mutation {!q}
 w - a potion of haste {@q3}
 C - a potion of invisibility
 D - a potion of flight
 H - a potion of resistance
 I - 3 potions of heal wounds {@q2}
 J - a potion of attraction {!q}

Dungeon Overview and Level Annotations

Branches:
Dungeon (9/15) Zot: 26425  Temple (1/1) D:7 Zot: 5612    Lair (2/5) D:9 Zot: 10629
    Orc (0/2) D:9           IceCv (1/1) Zot: 5796
  Swamp: Lair:2-3    Shoals: Lair:2-3     Snake: Lair:2-3    Spider: Lair:2-3

Altars:
Ashenzari
Makhleb
Nemelex Xobeh
Wu Jian
Xom

Shops:
D:9

:: #. #. ..#.##
...# .#..### ..°#
# .....#..§# #.
....#.§.#
$.#..####...#..§#
:...○§§.......○○#
#§§2§@.....#☼☼#
#.#§§#.#..##○#
#§§#.##.#§.#
#.§##..#....#
##.#...##..##
###.......# ..##
#......## #...
##.....# ...
##...## ##..##


You could see a reaper.


Message History

Trog accepts your kill. 😕 HP[+1]
You hit the harpy simulacrum.
You claw the harpy simulacrum, but do no damage.
You peck the harpy simulacrum. You punch the harpy simulacrum!
The harpy simulacrum misses you.
The harpy simulacrum claws you but does no damage. x3 😕 HP[+1]
You completely miss the harpy simulacrum.
Your kick misses the harpy simulacrum. You peck the harpy simulacrum.
Trog accepts your kill.
You can now call in reinforcements.
The elephant simulacrum tramples you.
You are shoved backwards! 😕 HP[-3]
You take 3 damage, and now have 74/79 hp.
You punch the elephant simulacrum! You claw the elephant simulacrum.
The elephant simulacrum tramples you.
You hold your ground!
The elephant simulacrum barely misses you.
You hit the elephant simulacrum. 😕 HP[+1]
You punch the elephant simulacrum! Trog accepts your kill.
Really fly into that cloud of freezing vapour? [Y]es or [N]o only, please.
Really fly into that cloud of freezing vapour?
Okay, then. 😕 HP[+1] 😕 HP[+1] 😕 HP[+1] 😎 HP[+1]
Your hp is fully restored (79).
You punch the naga simulacrum! You claw the naga simulacrum.
Trog accepts your kill.
No target in view!
An ice devil comes into view.
An ice devil is nearby!
An ice devil is nearby!
An ice devil is nearby!
A reaper comes into view.
It is wielding a +1 scythe of freezing and wearing a +2 robe of cold resistance.
The ice devil misses you.
You hit the ice devil but do no damage. You punch the ice devil!
You claw the ice devil. The ice devil hits you. The ice devil freezes you!
You are too injured to fight recklessly! 😕 HP[-13]
You take 13 damage, and now have 66/79 hp.
You are too injured to fight recklessly!
You are too injured to fight recklessly!
You are too injured to fight recklessly!
You are too injured to fight recklessly!
You are too injured to fight recklessly!
You are too injured to fight recklessly!
You are too injured to fight recklessly!
You are too injured to fight recklessly!
You are too injured to fight recklessly!
You are too injured to fight recklessly!
You are too injured to fight recklessly!
You are too injured to fight recklessly!
You are too injured to fight recklessly!
You are too injured to fight recklessly!
You are too injured to fight recklessly!
You are too injured to fight recklessly!
You are too injured to fight recklessly!
There are monsters nearby!
Unknown command.
A red film seems to cover your vision as you go berserk!
You feel yourself moving faster!
You feel mighty!
The ice devil barely misses you. 😕 HP[+34]
You now have 118 max hp (+39).
You regained 34 hp, and now have 100/118 hp.
Unknown command.
You pummel the ice devil!! The ice devil closely misses you.
The reaper hits you from afar with a +1 scythe of freezing!!
The reaper freezes you!
* * * LOW HITPOINT WARNING * * *
😨 HP[-45]
You take 45 damage, and now have 55/118 hp.
MASSIVE DAMAGE!! (PAUSE) Unknown command.
You barely miss the ice devil. You claw the ice devil!
Your punch misses the ice devil. You barely miss the ice devil.
The reaper hits you from afar with a +1 scythe of freezing!!
* * * LOW HITPOINT WARNING * * *
The reaper freezes you.
* * * LOW HITPOINT WARNING * * *
The ice devil hits you but does no damage. 😨 HP[-21]
You take 21 damage, and now have 34/118 hp.
You closely miss the ice devil.
You claw the ice devil, but do no damage. 😨 HP[+1]
You punch the ice devil!
You kill the ice devil!
Trog accepts your kill.
The reaper hits you from afar with a +1 scythe of freezing!!
* * * LOW HITPOINT WARNING * * *
The reaper freezes you!
You die...

Skill      XL: |  1  2  3  4  5  6  7  8  9 10 11 |
---------------+----------------------------------+-----
Armour         | 3 4 5 6 7 9 10 | 10.5
Dodging        | 3 4 5 6 7 9 10 | 10.5
Unarmed Combat | 4 5 7 8 9 10 | 10.8
Fighting       | 4 5 6 7 8 9 |  9.9

Action                   |  1- 3 |  4- 6 |  7- 9 | 10-12 || total
-------------------------+-------+-------+-------+-------++-------
Melee: Unarmed           |    61 |   142 |   210 |   347 ||   760
       Kick              |    19 |    36 |    66 |   134 ||   255
       Peck              |     6 |    19 |    34 |    91 ||   150
       Punch             |     1 |     1 |     6 |    24 ||    32
Invok: Berserk           |     1 |     3 |     5 |     9 ||    18
       Trog's Hand       |       |       |     5 |     1 ||     6
       Brothers in Arms  |       |       |       |     1 ||     1
  Use: Scroll            |       |       |     9 |    10 ||    19
       Potion            |       |       |     9 |       ||     9
Armor: Animal skin       |     3 |       |       |       ||     3
       Plate armour      |     6 |    66 |    93 |   173 ||   338
Dodge: Dodged            |    23 |    56 |   211 |   275 ||   565

Levels and vault maps discovered:
D:1:      dpeg_arrival_round_b, layout_rooms, st_stairs_10, minivault_27,
          hangedman_glass_teeth, dk_noncrumbling_3
D:2:      cheibrodos_greedy_goblins, layout_basic, serial_undead,
          serial_undead_b, serial_undead_e, serial_undead_a, serial_undead_c,
          roderic_three_in_a_row
D:3:      layout_loops_ring, nzn_wu_jian_council_hall,
          shapermc_ecumenical_altar_rom_forum, minmay_rat_hole
D:4:      layout_loops_ring
D:5:      cheibrodos_helix_gallery, layout_loops_corners, general_overflow_altar
D:6:      layout_basic, mainiacjoe_overflow_catwalk, jmf_multi_god_temple2
D:7:      layout_rooms, minmay_temple_entry_mist, nicolae_titane
D:8:      layout_basic, uniq_grum, uniq_erica, uniq_pikel
D:9:      layout_cave_pools, grunt_lair_entry_orc_guard_hut, serial_shops, shop,
          nicolae_shop_self_help
Temple:   minmay_temple_bridge_d
Lair:1:   layout_roguey, minivault_27,
          hellmonk_guarded_unrand_seven_league_boots
Lair:2:   layout_gridlike, portal_ice_cave_entry_pillars_1, grunt_megastairs_4,
          serial_bayou_shore_b, serial_bayou_shore_b
IceCv:    ice_cave_small_demon

Notes
Turn   | Place    | Note
-------+----------+-------------------------------------------
     0 | D:1      | spaghetti the Tengu Berserker began the quest for the Orb.
     0 | D:1      | Reached XP level 1. HP: 14/14 MP: 2/2
     0 | D:1      | magus.rc [v1.9.6]
    67 | D:1      | Reached XP level 2. HP: 19/19 MP: 3/3
   683 | D:1      | Reached XP level 3. HP: 23/23 MP: 4/4
  1183 | D:2      | Reached ** piety under Trog
  1292 | D:2      | Reached skill level 3 in Armour
  1292 | D:2      | Reached XP level 4. HP: 28/28 MP: 5/5
  1312 | D:2      | Reached skill level 3 in Dodging
  1323 | D:2      | Reached skill level 4 in Unarmed Combat
  1703 | D:3      | Noticed an ogre
  1706 | D:3      | Killed an ogre
  1707 | D:3      | Gained mutation: Your magical nature lets you fly swiftly
                  | and evasively. [Tengu growth]
  1707 | D:3      | Reached XP level 5. HP: 33/33 MP: 6/6
  1752 | D:3      | Found an ornate altar of the Wu Jian Council.
  1980 | D:3      | Reached skill level 4 in Fighting
  2332 | D:3      | Reached XP level 6. HP: 38/38 MP: 7/7
  2348 | D:3      | Reached *** piety under Trog
  2367 | D:3      | Found a faded altar of an unknown god.
  2375 | D:3      | Got Plato's Collected Works on Arcane Weapons {forbidden}
  2924 | D:4      | Noticed a black bear
  2935 | D:4      | Killed a black bear
  2936 | D:4      | Reached skill level 4 in Armour
  2936 | D:4      | Reached skill level 4 in Dodging
  2936 | D:4      | Reached skill level 5 in Unarmed Combat
  3439 | D:5      | Entered Level 5 of the Dungeon
  3553 | D:5      | You pick up a book of Burglary {forbidden} and begin
                  | reading...
  3553 | D:5      | You add the spells Passwall, Ensorcelled Hibernation and
                  | Swiftness to your library.
  3641 | D:5      | You pick up a book of Debilitation {forbidden} and begin
                  | reading...
  3641 | D:5      | You add the spells Slow, Vampiric Draining and Confusing
                  | Touch to your library.
  3742 | D:5      | Found a sparkling altar of Nemelex Xobeh.
  3866 | D:5      | You pick up a book of Changes {forbidden} and begin
                  | reading...
  3866 | D:5      | You add the spells Beastly Appendage, Wereblood and Spider
                  | Form to your library.
  4031 | D:5      | Reached XP level 7. HP: 40/44 MP: 8/8
  4391 | D:6      | You pick up a book of Cantrips {forbidden} and begin
                  | reading...
  4391 | D:6      | You add the spells Necrotise, Summon Small Mammal and
                  | Apportation to your library.
  4398 | D:6      | Identified the +3 long sword of Syimo {vorpal, Int+3}
  4420 | D:6      | Found a burning altar of Makhleb.
  4439 | D:6      | Reached skill level 5 in Fighting
  4444 | D:6      | Reached skill level 5 in Armour
  4444 | D:6      | Reached skill level 5 in Dodging
  4459 | D:6      | Reached XP level 8. HP: 25/48 MP: 9/9
  4483 | D:6      | Found a large runed translucent door.
  4485 | D:6      | Found a large runed translucent door.
  4526 | D:6      | Reached skill level 6 in Unarmed Combat
  4873 | D:6      | You add the spells Gell's Gravitas, Teleport Other and
                  | Dispersal to your library.
  5023 | D:6      | Reached skill level 6 in Armour
  5023 | D:6      | Reached skill level 6 in Dodging
  5161 | D:6      | Found a shimmering altar of Xom.
  5165 | D:6      | Reached skill level 6 in Fighting
  5172 | D:6      | Found a broken altar of Ashenzari.
  5262 | D:7      | Noticed a wyvern
  5270 | D:7      | Killed a wyvern
  5271 | D:7      | Reached skill level 7 in Unarmed Combat
  5271 | D:7      | Reached XP level 9. HP: 50/55 MP: 10/10
  5288 | D:7      | Found a staircase to the Ecumenical Temple.
  5290 | D:7      | HP: 13/54 [bullfrog (6)]
  5321 | D:7      | HP: 12/53 [wight/+2 scimitar (2)]
  5325 | D:7      | Gained mutation: You are clumsy. (Dex -2) [potion of
                  | mutation]
  5325 | D:7      | Gained mutation: You are partially covered in iridescent
                  | scales. (AC +2) [potion of mutation]
  5325 | D:7      | Gained mutation: You are robust. (+10% HP) [potion of
                  | mutation]
  5335 | Temple   | Entered the Ecumenical Temple
  5552 | Temple   | Reached skill level 7 in Armour
  5552 | Temple   | Reached skill level 7 in Dodging
  6138 | D:8      | Noticed Pikel
  6144 | D:8      | Killed Pikel
  6145 | D:8      | Reached skill level 7 in Fighting
  6145 | D:8      | Reached skill level 8 in Unarmed Combat
  6247 | D:8      | Noticed a hornet
  6267 | D:8      | Killed a hornet
  6321 | D:8      | Noticed a troll
  6327 | D:8      | Killed a troll
  6328 | D:8      | Reached XP level 10. HP: 63/69 MP: 11/11
  6454 | D:8      | Reached skill level 8 in Armour
  6454 | D:8      | Reached skill level 8 in Dodging
  6584 | D:8      | Noticed Erica
  6600 | D:8      | Killed Erica
  6766 | D:8      | Reached skill level 8 in Fighting
  6845 | D:8      | Noticed Grum
  6869 | D:8      | Reached skill level 9 in Unarmed Combat
  6875 | D:8      | Killed Grum
  7054 | D:8      | Reached **** piety under Trog
  7192 | D:9      | Found a staircase to the Orcish Mines.
  7194 | D:9      | Found Naic's Book Shoppe.
  7271 | D:9      | Reached skill level 9 in Armour
  7276 | D:9      | Reached skill level 9 in Dodging
  7354 | D:9      | You pick up a book of Weapons {forbidden} and begin
                  | reading...
  7354 | D:9      | You add the spells Tukima's Dance, Portal Projectile and
                  | Blade Hands to your library.
  7361 | D:9      | Found Vusexeim's Self-Improvement Boutique.
  7463 | D:9      | Reached XP level 11. HP: 66/75 MP: 12/12
  7585 | D:9      | Found a staircase to the Lair.
  7593 | D:9      | Reached skill level 9 in Fighting
  7750 | Lair:1   | Entered Level 1 of the Lair of Beasts
  7759 | Lair:1   | Noticed a boulder beetle
  7779 | Lair:1   | Killed a boulder beetle
  7780 | Lair:1   | Reached skill level 10 in Unarmed Combat
  7810 | Lair:1   | magus.rc [v1.9.6]
  7810 | Lair:1   | Noticed a boulder beetle
  7929 | Lair:1   | Killed a boulder beetle
  8223 | Lair:1   | Reached skill level 10 in Armour
  8223 | Lair:1   | Reached skill level 10 in Dodging
  8541 | Lair:1   | Found the +3 pair of seven-league boots {Rampage+∞}
  8982 | Lair:2   | You pick up a book of Decay {forbidden} and begin
                  | reading...
  8982 | Lair:2   | You add the spells Corpse Rot, Dispel Undead and Death
                  | Channel to your library.
  9164 | Lair:2   | Found a frozen archway.
  9182 | IceCv    | Entered an ice cave
  9380 | IceCv    | Noticed a reaper
  9389 | IceCv    | HP: 11/118 [reaper/+1 scythe of freezing (24)]
  9389 | IceCv    | Slain by a reaper

Vanquished Creatures
  2 boulder beetles (Lair:1)
  Erica (D:8)
  Pikel (D:8)
  2 ice statues (IceCv)
  A guardian serpent (Lair:1)
  A cane toad (Lair:1)
  2 rime drakes (Lair:2)
  2 ice devils (IceCv)
  A komodo dragon (Lair:1)
  3 trolls
  3 hornets
  3 wyverns
  7 yaks
  Grum (D:8)
  A death yak simulacrum (IceCv)
  A harpy simulacrum (IceCv)
  3 water moccasins
  A hydra simulacrum (IceCv)
  An ice beast (D:6)
  2 orc warriors (D:9)
  A sky beast (D:8)
  4 black bears
  2 ogres
  4 wolves (D:8)
  2 centaurs
  A lemure (D:8)
  2 phantoms (D:6)
  A kobold brigand (D:6)
  8 bullfrogs
  A necrophage (D:6)
  2 scorpions
  21 wights
  An elephant simulacrum (IceCv)
  An electric eel (Lair:2)
  4 hounds
  3 jellies
  3 orc priests
  4 iguanas
  4 orc wizards
  A spriggan simulacrum (IceCv)
  4 gnolls
  8 adders
  A naga simulacrum (IceCv)
  A shadow imp (D:7)
  3 white imps (IceCv)
  3 ufetubi
  An adder skeleton (D:2)
  2 worms (D:2)
  2 dart slugs (D:3)
  14 orcs
  A bat skeleton (D:2)
  4 endoplasms
  3 giant cockroaches
  9 hobgoblins
  3 jackals
  5 quokkas
  5 ball pythons
  A bat (D:3)
  10 goblins
  10 kobolds
  23 rats
222 creatures vanquished.

Vanquished Creatures (others)
  8 fungi
  5 plants
  3 withered plants (D:2)
16 creatures vanquished.

Grand Total: 238 creatures vanquished

Table legend:
 A = Non-vault XP
 B = Vault XP
 C = Vault XP percentage of total XP
 D = Non-vault monster count
 E = Vault monster count
 F = Vault count percentage of total count
                 A         B        C        D         E       F
            +---------+---------+-------+---------+---------+-------
      Total |    9837 |    7980 |  44.8 |     152 |      69 |  31.2
            +---------+---------+-------+---------+---------+-------
        D:1 |      18 |      17 |  48.6 |      13 |       3 |  18.8
        D:2 |      57 |      24 |  29.6 |      16 |      11 |  40.7
        D:3 |     202 |      20 |   9.0 |      16 |      19 |  54.3
        D:4 |     194 |       0 |   0.0 |       6 |       0 |   0.0
        D:5 |     190 |      16 |   7.8 |       7 |       2 |  22.2
        D:6 |    1276 |     146 |  10.3 |      28 |       2 |   6.7
        D:7 |     989 |       0 |   0.0 |      12 |       0 |   0.0
        D:8 |    1606 |    2095 |  56.6 |      19 |       7 |  26.9
        D:9 |    2156 |     685 |  24.1 |      18 |       5 |  21.7
     Temple |     350 |       0 |   0.0 |       4 |       0 |   0.0
     Lair:1 |    1290 |    2705 |  67.7 |       6 |       5 |  45.5
     Lair:2 |    1509 |       0 |   0.0 |       7 |       0 |   0.0
      IceCv |       0 |    2272 | 100.0 |       0 |      15 | 100.0
            +---------+---------+-------+---------+---------+-------

Illustrated notes

Table legend:
 A = Kills in this place as a percentage of kills in entire the game.
 B = Kills by you in this place as a percentage of kills by you in the entire game.
 C = Kills by friends in this place as a percentage of kills by friends in the entire game.
 D = Other kills in this place as a percentage of other kills in the entire game.
 E = Experience gained in this place as a percentage of experience gained in the entire game.
 F = Experience gained in this place divided by the number of levels of this place that you have seen.
                   A       B       C       D       E      F
               +-------+-------+-------+-------+-------+----------------------
         Total | 100.0 | 100.0 |   N/A |   N/A | 100.0 | 1370.5
       Dungeon |  83.3 |  83.3 |   N/A |   N/A |  54.4 | 1076.8
        Temple |   1.8 |   1.8 |   N/A |   N/A |   2.0 | 350.0
          Lair |   8.1 |   8.1 |   N/A |   N/A |  30.9 | 2752.0
      Ice Cave |   6.8 |   6.8 |   N/A |   N/A |  12.8 | 2272.0
               +-------+-------+-------+-------+-------+----------------------

Table legend: (Time is in decaauts)
 A = Elapsed time spent in this place.
 B = Non-inter-level travel time spent in this place.
 C = Inter-level travel time spent in this place.
 D = Time resting spent in this place.
 E = Time spent auto-exploring this place.
 F = Levels seen in this place.
 G = Mean time per level.
                   A        B        C        D        E       F      G
               +--------+--------+--------+--------+--------+-----+--------+
         Total |   8939 |   8639 |    300 |    610 |   6680 |  13 |  687.6 |
       Dungeon |   6977 |   6696 |    281 |     60 |   5598 |   9 |  775.2 |
        Temple |    387 |    387 |      0 |    362 |      0 |   1 |  387.0 |
          Lair |   1370 |   1351 |     19 |     86 |   1059 |   2 |  685.0 |
      Ice Cave |    203 |    203 |      0 |    101 |     21 |   1 |  203.0 |
               +--------+--------+--------+--------+--------+-----+--------+

Top non-repeatable levels by time:
     D:8: 956 daAuts
  Lair:1: 910 daAuts
     D:2: 897 daAuts
     D:3: 878 daAuts
     D:5: 846 daAuts
     D:1: 819 daAuts
     D:6: 809 daAuts
     D:4: 749 daAuts
     D:9: 574 daAuts
  Lair:2: 460 daAuts
     D:7: 445 daAuts
  Temple: 387 daAuts
   IceCv: 203 daAuts
